 Dungeon Crawl Stone Soup version 0.30.1-11-g7821555f0a (webtiles) character file.

Game seed: 2257715588941965994

231 ChrisAssaf the Ruffian (level 6, -3/50 HPs)
             Began as a Ghoul Gladiator on Dec 20, 2023.
             Slain by Blork the howler monkey (6 damage)
             ... on level 4 of the Dungeon.
             The game lasted 00:04:32 (843 turns).

ChrisAssaf the Ruffian (Ghoul Gladiator)             Turns: 843, Time: 00:04:34

Health: -3/50      AC:  4    Str: 18    XL:     6   Next: 4%
Magic:  5/5        EV: 12    Int:  5    God:
Gold:   41         SH:  0    Dex: 10    Spells: 5/5 levels left

rFire   . .          .
                       - Unarmed
rCold   + . .        (no shield)
rNeg    + + +        a - +0 leather armour
rPois   ∞            b - +0 helmet
rElec   .            (no cloak)
rCorr   .            (no gloves)
SInv    .            (no boots)
Will    .....        (no amulet)
Stlth   +            (no ring)
HPRegen 0.00/turn    (no ring)
MPRegen 0.09/turn

%: no passive effects
@: inhibited regen
A: claws 1, cold resistance 1, negative energy resistance 3, inhibited
regeneration, torment resistance 2, devour on kill
a: no special abilities


You were on level 4 of the Dungeon.
You visited 1 branch of the dungeon, and saw 5 of its levels.

You collected 41 gold pieces.

Inventory:

Missiles
 d - a javelin (quivered)
 e - 5 boomerangs
Armour
 a - a +0 leather armour (worn)
 b - a +0 helmet (worn)
Wands
 k - a wand of polymorph (6)
Potions
 f - a potion of heal wounds {unknown}
 g - a potion of brilliance {unknown}
 h - a potion of resistance {unknown}
 i - a potion of mutation {unknown}
 j - a potion of curing {unknown}
 l - a potion of haste {unknown}
 m - a potion of lignification {unknown}


   Skills:
 * Level 2.9 Fighting
 * Level 3.2 Throwing
 * Level 1.1 Armour
 * Level 3.5 Dodging
 * Level 1.4 Stealth
 * Level 4.4 Unarmed Combat
 * Level 1.0 Evocations


You had 5 spell levels left.
You didn't know any spells.
Your spell library was empty.

Dungeon Overview and Level Annotations

Branches:
Dungeon (5/15)
 Temple: D:4-7

Altars:

Shops:
D:1 =(

Annotations:
D:4 Blork the orc


Innate Abilities, Weirdness & Mutations

You are immune to poison.
You have sharp fingernails.
Your flesh is cold resistant. (rC+)
You are immune to negative energy. (rN+++)
You do not regenerate when monsters are visible.
You are immune to unholy pain and torment.
You thrive by killing the living.


Message History

Blork the orc hits you with a +0 battleaxe!
You scratch the jackal.
You kill the jackal!
You feel better. Blork the orc closely misses you.
Blork the orc barely misses you.
Blork the orc hits you with a +0 battleaxe!
* * * LOW HITPOINT WARNING * * *
You climb upwards.
There is a stone staircase leading down, spattered with blood here.
Things that are here:
a +0 giant spiked club; an ogre corpse Throw: throwing net
Press: ? - help, Q - select action, (/) - cycle Shift-Dir - straight line, f - Blork the orc
Aim: Blork the orc, wielding a +0 battleaxe and wearing a +0 robe (fast, 61% to hit)
You throw a throwing net. The throwing net hits Blork the orc.
Blork the orc is caught in the net!
Blork the orc struggles against the net.
You scratch Blork the orc.
Blork the orc is lightly wounded.
Blork the orc struggles against the net. x2
You scratch Blork the orc.
Blork the orc is lightly wounded.
Blork the orc struggles against the net.
The net rips apart, and Blork the orc comes free!
You scratch Blork the orc but do no damage.
Blork the orc is lightly wounded.
Blork the orc closely misses you.
You barely miss Blork the orc.
Blork the orc is lightly wounded.
Blork the orc hits you with a +0 battleaxe.
* * * LOW HITPOINT WARNING * * *
Blork the orc casts a spell at you. The puff of flame hits you!
* * * LOW HITPOINT WARNING * * *
Aiming: Polymorph
Press: ? - help, Shift-Dir - straight line, f/p - Blork the orc
Aim: Blork the orc, wielding a +0 battleaxe and wearing a +0 robe (lightly wounded, fast, will become a swamp drake, a howler monkey, or a hound, chance to affect: 50%) Blork the orc evaporates and reforms as a howler monkey!
Blork hits you.
You die...

## ##..#### ... ##..## #.
.... ###..## #. ....#
##..### #. .....####
##..## ## ........###
###..## #
..........######..######
#
.............##..#.......
#
.............@h..........
.............#...........
.............##..........
............###..........
.......†....# #..........
...........## ##.........
...........# #........
..........## #........
..........# ......


You could see Blork the howler monkey.

Vanquished Creatures
  2 ogres (D:4)
  An adder (D:2)
  A dart slug (D:1)
  4 orcs (D:3)
  2 ball pythons
  5 endoplasms
  4 giant cockroaches
  2 goblins
  5 hobgoblins
  4 jackals
  5 kobolds
  A quokka (D:3)
  4 bats
  3 frilled lizards
  6 rats
49 creatures vanquished.

Notes
Turn   | Place    | Note
-------+----------+-------------------------------------------
     0 | D:1      | ChrisAssaf the Ghoul Gladiator began the quest for the Orb.
     0 | D:1      | Reached XP level 1. HP: 17/17 MP: 0/0
    42 | D:1      | Found Ebutaoc's Antique Weapon Shoppe.
    61 | D:1      | Found Muywkeps's Jewellery Emporium.
    74 | D:1      | Reached XP level 2. HP: 23/24 MP: 1/1
   216 | D:1      | Reached XP level 3. HP: 30/30 MP: 2/2
   434 | D:3      | Reached XP level 4. HP: 37/37 MP: 3/3
   584 | D:4      | Noticed an ogre
   594 | D:4      | Killed an ogre
   595 | D:4      | Reached skill level 1 in Stealth
   595 | D:4      | Reached skill level 4 in Unarmed Combat
   595 | D:4      | Reached XP level 5. HP: 42/42 MP: 4/4
   734 | D:5      | Entered Level 5 of the Dungeon
   734 | D:5      | Noticed an ogre
   735 | D:5      | Noticed Blork the orc
   755 | D:4      | Killed an ogre
   756 | D:4      | Reached skill level 1 in Armour
   756 | D:4      | Reached skill level 1 in Evocations
   756 | D:4      | Reached XP level 6. HP: 30/50 MP: 5/5
   843 | D:4      | Blork the orc changed into Blork the howler monkey
   843 | D:4      | Noticed Blork
   843 | D:4      | Slain by Blork the howler monkey

Illustrated notes

Levels and vault maps discovered:
D:1:      lemuel_arrival_rhombus, layout_rooms, serial_shops,
          nicolae_square_shop, nicolae_shop_advertising_works
          [nicolae_subvault_shop_adworks], nicolae_shop_real_fake_doors,
          minivault_4, minivault_19
D:2:      layout_loops_ring
D:3:      layout_basic, nicolae_overflow_hidden_temple,
          amethyst_overflow_temple_binary
D:4:      layout_cave_pods
D:5:      layout_cave_pools, mainiacjoe_overflow_tiny_flanked,
          nicolae_elemental_shop, minmay_misc_feat_room, uniq_sigmund,
          uniq_blork_the_orc

Skill      XL: |  1  2  3  4  5 |
---------------+----------------+-----
Throwing       | 2 3 |  3.2
Dodging        | 3 |  3.5
Stealth        | 1 |  1.4
Unarmed Combat | 4 |  4.4
Armour         | 1 |  1.1
Evocations     | 1 |  1.0
Fighting       | |  2.9

Action                     |  1- 3 |  4- 6 || total
---------------------------+-------+-------++-------
  Melee: Unarmed           |    63 |    29 ||    92
         Punch             |     2 |       ||     2
  Throw: Boomerang         |    42 |    11 ||    53
         Throwing net      |       |     4 ||     4
  Evoke: Wand              |       |     1 ||     1
    Use: Scroll            |     1 |     1 ||     2
   Stab: Held in net/web   |       |     2 ||     2
 Armour: Leather armour    |    26 |     4 ||    30
  Dodge: Dodged            |    53 |    16 ||    69
